 Dungeon Crawl Stone Soup version 0.27.1-1-g398f81649c (webtiles) character file.

Game seed: 13881469782630053663

35594 Borgoz the Fighter (level 13, -2/132 HPs)
             Began as a Gargoyle Berserker on Sept 20, 2021.
             Was an Elder of Trog.
             Slain by a vault guard (6 damage)
             ... on level 13 of the Dungeon.
             The game lasted 00:23:46 (17767 turns).

Borgoz the Fighter (Gargoyle Berserker)            Turns: 17767, Time: 00:23:47

Health: -2/132     AC: 29    Str: 31    XL:     13   Next: 84%
Magic:  2/13       EV: 13    Int:  9    God:    Trog [****..]
Gold:   857        SH:  0    Dex: 13    Spells: 12/12 levels left

rFire    . . .     SeeInvis +   M - +0 dire flail (venom)
rCold    . . .     Faith    .   (shield currently unavailable)
rNeg     + . .     Spirit   .   G - +2 chain mail "Enlaug" {Fly Str+4}
rPois    ∞         Reflect  .   f - +0 helmet
rElec    +         Harm     .   m - +0 cloak {Will+}
rCorr    .         Rampage  .   J - +0 pair of gloves
Will     +++..                  (no boots)
Stlth    ..........             (no amulet)
HPRegen  1.32/turn              s - +6 ring of strength
MPRegen  0.13/turn              A - ring of see invisible

@: berserking (expiring), strong-willed, flying, regenerating, very quick
A: sickness immunity, AC +9, negative energy resistance 1, electricity
resistance, torment resistance 1, petrification resistance
a: Renounce Religion, Berserk, Trog's Hand, Brothers in Arms


You were on level 13 of the Dungeon.
You worshipped Trog.
Trog was greatly pleased with you.
You visited 2 branches of the dungeon, and saw 15 of its levels.

You collected 857 gold pieces.

Inventory:

Hand Weapons
 D - the +1 long sword of Eternal Night {vorpal, Fragile rF+++ rC++ SInv}
   (You found it on level 9 of the Dungeon)

   It inflicts extra damage upon your enemies.
   rF:        It renders you almost immune to fire.
   rC:        It greatly protects you from cold.
   SInv:      It lets you see invisible.
   Fragile:   It will be destroyed if unequipped.
 M - a +0 dire flail of venom (weapon)
Armour
 f - a +0 helmet (worn)
 m - a +0 cloak of willpower (worn)
 w - a +0 scale mail of cold resistance
 y - +0 steam dragon scales
 F - a +0 troll leather armour
 G - the +2 chain mail "Enlaug" (worn) {Fly Str+4}
   (You found it on level 10 of the Dungeon)

   Str:       It affects your strength (+4).
   Fly:       It grants you flight.
 H - the +0 robe of the Valley of Death {rCorr Dex+7}
   (You found it on level 11 of the Dungeon)

   Dex:       It affects your dexterity (+7).
   rCorr:     It protects you from acid and corrosion.
 J - a +0 pair of gloves (worn)
 N - +0 acid dragon scales
Jewellery
 b - a +6 ring of strength
 s - a +6 ring of strength (left hand)
 u - a ring of ice
 A - a ring of see invisible (right hand)
 C - a ring of resist corrosion
Wands
 k - a wand of iceblast (13)
 r - a wand of flame (67)
 B - a wand of mindburst (10)
 I - a wand of paralysis (10)
 K - a wand of digging (7)
Scrolls
 c - 4 scrolls of immolation {unknown}
 e - 4 scrolls of fear {unknown}
 g - a scroll of torment {unknown}
 i - a scroll of fog {unknown}
 j - 2 scrolls of magic mapping {unknown}
 l - a scroll of blinking
 n - 2 scrolls of brand weapon
 t - 3 scrolls of enchant weapon
 z - 6 scrolls of teleportation
 L - 2 scrolls of amnesia {unknown}
Potions
 a - a potion of invisibility
 d - 3 potions of resistance
 h - 4 potions of curing
 o - a potion of attraction {unknown}
 p - a potion of magic {unknown}
 q - 3 potions of flight
 v - 2 potions of haste
 x - a potion of might
 E - a potion of berserk rage


   Skills:
 + Level 13.0 Fighting
 + Level 12.0 Maces & Flails
 + Level 12.8 Armour
 + Level 10.1 Dodging


You had 12 spell levels left.
You didn't know any spells.
Your spell library was empty.

Dungeon Overview and Level Annotations

Branches:
Dungeon (14/15)            Temple (1/1) D:7            Lair (0/6) D:10
    Orc (0/2) D:12         Vaults (0/5) D:14

Altars:
Ashenzari
Cheibriados
Dithmenos
Elyvilon
Fedhas
Gozag
Hepliaklqana
Kikubaaqudgha
Makhleb
Nemelex Xobeh
Okawaru
Qazlal
Ru
Sif Muna
Trog
Uskayaw
Vehumet
Wu Jian
Xom
Yredelemnul
Zin
The Shining One
Beogh

Shops:
D:9 :


Innate Abilities, Weirdness & Mutations

You are immune to sickness and miasma.
Your stone body is resilient. (AC +9)
You are immune to poison.
You resist negative energy. (rN+)
You are resistant to electric shocks. (rElec)
You are resistant to unholy torment.
You are immune to petrification.


Message History

You closely miss the vault guard.
The vault guard hits you but does no damage.
You impale the vault guard!!
The vault guard looks as sick as possible!
The vault guard is moderately wounded.
The vault guard hits you with a +0 war axe!
* * * LOW HITPOINT WARNING * * *
You closely miss the vault guard.
The vault guard is moderately wounded.
The vault guard hits you with a +3 great sword!
* * * LOW HITPOINT WARNING * * *
You barely miss the vault guard.
The vault guard is moderately wounded.
The vault guard hits you with a +0 war axe.
* * * LOW HITPOINT WARNING * * *
You hit the vault guard.
The vault guard looks as sick as possible!
The vault guard is heavily wounded.
The vault guard hits you but does no damage.
You closely miss the vault guard.
The vault guard is heavily wounded.
The vault guard hits you but does no damage.
You barely miss the vault guard.
The vault guard is heavily wounded.
The vault guard barely misses you.
You impale the vault guard!!
The vault guard looks as sick as possible!
The vault guard is almost dead.
The vault guard hits you but does no damage.
You sock the vault guard!
You kill the vault guard!
Trog accepts your kill.
Your Fighting skill increases to level 13!
The vault guard blocks your attack.
The vault guard hits you with a +0 war axe!
* * * LOW HITPOINT WARNING * * *
The vault guard blocks your attack. The vault guard blocks your attack.
The vault guard hits you with a +0 war axe.
You die...

##########################
#...)....p)>[.##..........
###...#..@#[..##..###.....
#...#...#...##..# #.....
#...#...#...##..# #.....
#...#...#...##..# #.....
#...#...#...##..# #.....
#...#...#...##..# #.....
#...#...#...##..# #.....
###...#...#.......# #.....
#.........#.......# #.....


You could see a vault guard.

Vanquished Creatures
  Jorgrun (D:12)
  Josephine (D:12)
  6 vault guards (D:13)
  A hydra (D:11)
  2 boulder beetles
  A centaur warrior (D:9)
  7 two-headed ogres
  Urug (D:12)
  A tengu warrior (D:13)
  2 deep elf pyromancers (D:12)
  Pikel (D:5)
  2 ugly things
  2 manticores
  2 cyclopes
  A gargoyle (D:12)
  An unseen horror (D:10)
  A kobold demonologist (D:7)
  A komodo dragon (D:12)
  4 trolls
  A hornet (D:8)
  Grinder (D:4)
  A shadow (D:12)
  2 wyverns
  9 wraiths
  38 yaks
  Eustachio (D:5)
  3 steam dragons
  An acid dragon (D:12)
  3 water moccasins
  Duvessa (D:7)
  3 black bears
  3 ice beasts
  8 orc warriors
  A sky beast (D:7)
  3 ogres
  4 centaurs
  3 phantoms
  3 bullfrogs
  2 kobold brigands
  A wyvern zombie (D:8)
  A gnoll sergeant (D:8)
  3 scorpions
  Blork the orc (D:4)
  Dowan (D:7)
  2 water moccasin skeletons
  3 wights (D:7)
  4 killer bees (D:9)
  A howler monkey (D:6)
  4 centaur zombies
  A bullfrog zombie (D:5)
  4 hounds
  3 jellies
  Crazy Yiuf (D:3)
  A centaur skeleton (D:7)
  6 orc priests
  Terence (D:2)
  3 iguanas
  6 orc wizards
  A hound skeleton (D:2)
  Robin (D:2)
  6 adders
  A gnoll (D:8)
  A white imp (D:6)
  3 ufetubi (D:5)
  2 adder skeletons (D:4)
  2 worms
  4 dart slugs
  34 orcs
  11 ball pythons
  8 bats
  8 endoplasms
  2 giant cockroaches (D:2)
  13 goblins
  7 hobgoblins
  14 kobolds
  3 quokkas
  2 frilled lizards
  6 rats
305 creatures vanquished.

Vanquished Creatures (collateral kills)
  A hydra (D:9)
  A boulder beetle (D:8)
  A gargoyle (D:12)
  4 yaks (D:9)
  2 gnolls (D:8)
  A white imp (D:8)
  2 orcs (D:8)
  A kobold (D:8)
13 creatures vanquished.

Vanquished Creatures (others)
  Ijyb (D:3)
  A rat (D:3)
2 creatures vanquished.

Grand Total: 320 creatures vanquished

Notes
Turn   | Place    | Note
-------+----------+-------------------------------------------
     0 | D:1      | Borgoz the Gargoyle Berserker began the quest for the Orb.
     0 | D:1      | Reached XP level 1. HP: 14/14 MP: 1/1
   107 | D:1      | Reached XP level 2. HP: 19/19 MP: 2/2
   981 | D:1      | Reached XP level 3. HP: 23/23 MP: 3/3
  1237 | D:2      | Noticed Robin
  1485 | D:3      | Reached ** piety under Trog
  1517 | D:3      | Reached XP level 4. HP: 16/29 MP: 4/4
  1676 | D:2      | Killed Robin
  1723 | D:2      | Noticed Terence
  1737 | D:2      | Killed Terence
  1738 | D:2      | Reached skill level 4 in Fighting
  1967 | D:2      | Found a faded altar of an unknown god.
  2197 | D:2      | Found a broken altar of Ashenzari.
  2518 | D:3      | Reached XP level 5. HP: 29/33 MP: 5/5
  2766 | D:3      | Noticed Ijyb
  2769 | D:3      | Killed Ijyb
  2991 | D:3      | Found a runed translucent door.
  2992 | D:3      | Noticed Crazy Yiuf
  3555 | D:3      | Killed Crazy Yiuf
  3556 | D:3      | Reached XP level 6. HP: 39/39 MP: 6/6
  3743 | D:4      | Noticed a water moccasin
  3753 | D:4      | Killed a water moccasin
  4047 | D:4      | Noticed a water moccasin
  4055 | D:4      | Killed a water moccasin
  4056 | D:4      | Reached skill level 5 in Fighting
  4056 | D:4      | Reached XP level 7. HP: 42/44 MP: 7/7
  5259 | D:4      | Noticed Grinder
  5259 | D:4      | Noticed Blork the orc
  5271 | D:4      | Killed Blork the orc
  5281 | D:4      | Killed Grinder
  5282 | D:4      | Reached skill level 5 in Maces & Flails
  5282 | D:4      | Reached skill level 5 in Armour
  5282 | D:4      | Reached XP level 8. HP: 23/51 MP: 8/8
  5528 | D:5      | Entered Level 5 of the Dungeon
  5573 | D:5      | Noticed Eustachio
  5578 | D:5      | Reached skill level 6 in Fighting
  5617 | D:5      | Killed Eustachio
  5786 | D:5      | Noticed Pikel
  5803 | D:5      | Killed Pikel
  5864 | D:5      | Reached XP level 9. HP: 56/56 MP: 9/9
  5932 | D:5      | Reached skill level 7 in Fighting
  6109 | D:5      | Reached skill level 5 in Dodging
  6285 | D:5      | Reached *** piety under Trog
  7562 | D:6      | Reached skill level 8 in Fighting
  7803 | D:7      | Found a staircase to the Ecumenical Temple.
  7816 | Temple   | Entered the Ecumenical Temple
  7993 | D:7      | Noticed Duvessa
  7993 | D:7      | Noticed Dowan
  8007 | D:7      | Killed Duvessa
  8010 | D:7      | Killed Dowan
  8164 | D:7      | Reached XP level 10. HP: 36/64 MP: 10/10
  8521 | D:7      | Noticed a kobold demonologist
  8536 | D:7      | Killed a kobold demonologist
  8721 | D:8      | Found a sparkling altar of Nemelex Xobeh.
  8752 | D:8      | Reached **** piety under Trog
  9121 | D:8      | Reached skill level 9 in Fighting
  9135 | D:8      | Noticed a boulder beetle
  9166 | D:8      | Killed a boulder beetle
  9849 | D:9      | Reached XP level 11. HP: 46/71 MP: 11/11
 10163 | D:9      | Noticed a centaur warrior
 10184 | D:9      | Killed a centaur warrior
 10185 | D:9      | Reached skill level 10 in Fighting
 10307 | D:9      | Noticed a four-headed hydra
 10327 | D:9      | Killed a four-headed hydra
 10328 | D:9      | Reached skill level 10 in Armour
 10685 | D:9      | Found Wivod's Book Emporium.
 10832 | D:9      | Identified the +1 long sword of Eternal Night {vorpal,
                  | Fragile rF+++ rC++ SInv}
 11186 | D:10     | Entered Level 10 of the Dungeon
 12098 | D:10     | Found a staircase to the Lair.
 12219 | D:10     | Identified the +2 chain mail "Enlaug" {Fly Str+4}
 12562 | D:11     | Identified the +0 robe of the Valley of Death {rCorr Dex+7}
 12661 | D:11     | Noticed a cyclops
 12680 | D:11     | Killed a cyclops
 12981 | D:11     | Noticed a boulder beetle
 13004 | D:11     | Killed a boulder beetle
 13005 | D:11     | Reached skill level 10 in Maces & Flails
 13005 | D:11     | Reached XP level 12. HP: 19/79 MP: 12/12
 13317 | D:11     | Noticed a six-headed hydra
 13324 | D:11     | Killed a six-headed hydra
 13325 | D:11     | Reached skill level 11 in Fighting
 13551 | D:11     | Noticed a two-headed ogre
 13559 | D:11     | Killed a two-headed ogre
 13796 | D:12     | Noticed a two-headed ogre
 13807 | D:12     | Killed a two-headed ogre
 14083 | D:12     | Noticed a two-headed ogre
 14092 | D:12     | Killed a two-headed ogre
 14195 | D:12     | Reached ***** piety under Trog
 14354 | D:12     | Noticed Urug
 14386 | D:12     | Killed Urug
 14773 | D:12     | Noticed Josephine
 14788 | D:12     | Killed Josephine
 14789 | D:12     | Reached skill level 12 in Fighting
 15037 | D:12     | Reached XP level 13. HP: 73/86 MP: 13/13
 15173 | D:12     | Noticed Jorgrun
 15189 | D:12     | Killed Jorgrun
 15455 | D:12     | Found a staircase to the Orcish Mines.
 17279 | D:14     | Found a gate to the Vaults.
 17279 | D:14     | Noticed a vault guard
 17279 | D:14     | Noticed a vault guard
 17279 | D:14     | Noticed a vault guard
 17279 | D:14     | Noticed a vault guard
 17279 | D:14     | Noticed a vault guard
 17279 | D:14     | Noticed a vault guard
 17281 | D:14     | Noticed a vault guard
 17287 | D:14     | Noticed a vault guard
 17323 | D:13     | Killed a vault guard
 17326 | D:13     | Killed a vault guard
 17552 | D:13     | Killed a vault guard
 17553 | D:13     | Reached skill level 10 in Dodging
 17558 | D:13     | Killed a vault guard
 17752 | D:13     | Killed a vault guard
 17758 | D:13     | HP: 6/130 [vault guard (17)]
 17764 | D:13     | Killed a vault guard
 17765 | D:13     | Reached skill level 13 in Fighting
 17765 | D:13     | HP: 3/132 [vault guard (7)]
 17767 | D:13     | Slain by a vault guard

Illustrated notes

Levels and vault maps discovered:
D:1:      psy_arrival_radial02, layout_basic, ebering_dispersal_statue_hall
D:2:      layout_loops_ring, shapermc_ecumenical_altar_notcrosses, basic_altar,
          uniq_terence, uniq_robin
D:3:      layout_basic, serial_glass, glass_columns_a, glass_columns_b,
          glass_columns_a, glass_columns_a, palyth_stone_intersect,
          saegor_snake_ambush, uniq_crazy_yiuf_cottage, uniq_ijyb
D:4:      layout_layer_cave, minmay_misc_feat_square,
          minmay_goblin_kobold_house, uniq_grinder, uniq_blork_the_orc
D:5:      layout_loops_corners, grunt_decor_mini_mirrors, uniq_pikel,
          uniq_eustachio
D:6:      layout_loops_ring
D:7:      layout_rooms, minmay_temple_entry_proselytizer, serial_corexii_hall,
          corexii_hall_statues_u, corexii_hall_statues_l,
          corexii_hall_statues_t, uniq_duvessa
D:8:      layout_loops_corners, nemelex_spade_bored_becter, grunt_potential
D:9:      kennysheep_big_flooded_room, layout_basic, serial_shops, shop
D:10:     layout_loops_cross, lair_entry_dummy, grunt_decor_cap
D:11:     layout_loops_ring
D:12:     layout_irregular_city, david_orc_5, serial_column_ruins,
          column_ruins_hut_water, column_ruins_open_small_water,
          column_ruins_open_tiny, column_ruins_columns_straight,
          column_ruins_grid_3, column_ruins_open_large, column_ruins_open_small,
          st_stairs_13, uniq_josephine, uniq_jorgrun, uniq_urug
D:13:     layout_long_grid
D:14:     layout_roguey, erik_vaults_2, chequers_decorated_corner,
          gammafunk_ghost_split, uniq_azrael, uniq_roxanne, uniq_frances
Temple:   compressed_dpeg_circular_temple

Skill      XL: |  1  2  3  4  5  6  7  8  9 10 11 12 13 |
---------------+----------------------------------------+-----
Dodging        | 2 3 4 5 7 8 9 10 | 10.1
Armour         | 3 4 5 6 7 9 10 11 12 | 12.8
Fighting       | 4 5 6 8 9 10 12 13 | 13.0
Maces & Flails | 4 5 6 7 8 10 11 12 | 12.0

Action                   |  1- 3 |  4- 6 |  7- 9 | 10-12 | 13-15 || total
-------------------------+-------+-------+-------+-------+-------++-------
Melee: Mace              |   121 |    16 |       |       |       ||   137
       Flail             |       |   106 |   353 |   532 |       ||   991
       Whip              |       |       |       |    32 |       ||    32
       Dire flail        |       |       |       |   125 |   241 ||   366
Invok: Berserk           |     1 |     4 |     4 |     6 |     4 ||    19
       Trog's Hand       |       |       |     1 |     7 |     3 ||    11
       Brothers in Arms  |       |       |       |     3 |       ||     3
Evoke: Wand              |       |       |    10 |       |       ||    10
  Use: Scroll            |       |       |     7 |     6 |       ||    13
       Potion            |       |       |     1 |     4 |     2 ||     7
 Stab: Invisible         |       |       |       |     2 |       ||     2
Armor: Ring mail         |    96 |    73 |   244 |       |       ||   413
       Scale mail        |       |       |     7 |   128 |       ||   135
       Steam dragon scal |       |       |       |   145 |       ||   145
       Chain mail        |       |       |       |   124 |   118 ||   242
Dodge: Dodged            |    94 |    78 |   303 |   470 |   108 ||  1053
